Map: [ESL] Goldenaura

Players

LiquidClem (Clem) - Winner!

  • Race: Terran Terran
  • League: Grandmaster
  • Spawn Location: 5:00

Harstem

  • Race: Protoss Protoss
  • League: Master
  • Spawn Location: 12:00

Event: HomeStory Cup XXV

VOD

Have the link to the VOD?

Description

Time

  • Played on: June 23, 2024, 7:50 a.m.
  • Length: 9:01

All games in this series

Show
View Real Time Build Order
Export as new Build Order

LiquidClem Terran - Winner!

Build Orders: Reaper Expand 

Get SALT Encoding   

  12  0:00  SCV  
  13  0:12  SCV  
  14  0:17  Supply Depot  
  14  0:24  SCV  
  15  0:38  SCV  
  15  0:39  Barracks  
  16  0:42  Refinery  
  16  0:50  SCV  
  17  1:03  SCV  
  18  1:15  SCV  
  19  1:27  Orbital Command, Reaper  
  20  1:39  Command Center  
  20  1:49  Supply Depot  
  20  1:53  SCV  
  21  1:58  Marine  
  22  2:05  SCV  
  23  2:10  Factory  
  23  2:16  Bunker  
  23  2:17  SCV  
  23  2:20  Barracks Reactor  
  24  2:23  Refinery  
  24  2:29  SCV  
  25  2:41  SCV  
  26  2:50  SCV  
  27  2:56  Hellion  
  27  2:57  Starport, Marine x2  
  31  3:01  SCV  
  31  3:03  Orbital Command  
  32  3:13  SCV  
  32  3:15  Marine x2  
  32  3:18  Widow Mine  
  36  3:25  SCV  
  37  3:30  SCV  
  37  3:37  SCV, Medivac  
  37  3:40  Supply Depot  
  37  3:41  Factory Tech Lab  
  40  3:42  SCV  
  40  3:47  Barracks  
  41  3:49  SCV  
  41  3:50  Marine x2  
  41  3:53  Supply Depot  
  41  3:54  SCV  
  45  4:01  SCV  
  46  4:07  Barracks  
  46  4:08  SCV  
  46  4:09  Factory Tech Lab  
  47  4:11  Marine x2  
  47  4:13  Supply Depot, SCV  
  50  4:19  Raven  
  50  4:20  Engineering Bay  
  50  4:21  SCV  
  53  4:27  Refinery  
  53  4:31  SCV  
  53  4:32  Marine x2  
  53  4:33  SCV  
  57  4:43  SCV  
  57  4:44  Stimpack  
  57  4:45  Marauder  
  60  4:46  SCV  
  60  4:50  Supply Depot, Terran Infantry Weapons Level 1  
  59  4:53  Marine  
  59  4:54  Marine  
  59  4:55  SCV  
  59  4:58  SCV  
  61  5:00  Starport Reactor  
  61  5:02  Refinery  
  61  5:04  Combat Shield  
  61  5:06  Marauder  
  63  5:08  SCV  
  63  5:10  SCV  
  63  5:11  Marine x2  
  63  5:13  Marauder  
  69  5:14  Factory Reactor  
  69  5:18  Supply Depot  
  69  5:20  SCV  
  70  5:22  SCV  
  70  5:28  Supply Depot  
  71  5:29  Marine x2, Marauder  
  71  5:32  SCV  
  71  5:34  SCV  
  77  5:39  Marauder, Medivac  
  77  5:40  Supply Depot  
  77  5:41  Medivac  
  83  5:47  Marine x2  
  83  5:48  SCV  
  83  5:49  SCV  
  87  5:52  Marauder  
  89  5:59  Command Center  
  89  6:04  Marauder  
  91  6:07  Marine x2  
  93  6:13  Supply Depot, Marauder, Widow Mine  
  93  6:15  Widow Mine  
  99  6:19  Medivac  
  101  6:28  Marine  
  102  6:34  SCV, Barracks, Medivac  
  102  6:35  Supply Depot, Barracks, Marauder  
  102  6:37  Marine  
  98  6:40  Marauder  
  98  6:42  Widow Mine  
  98  6:43  Widow Mine  
  98  6:46  SCV, Marine  
  101  6:48  SCV  
  101  6:51  Supply Depot  
  102  6:55  Marine  
  102  6:58  SCV, Medivac  
  102  7:00  Marauder  
  108  7:03  SCV, Marauder  
  108  7:04  Marine  
  108  7:05  Widow Mine  
  108  7:07  Widow Mine  
  116  7:13  Orbital Command, Marine  
  117  7:15  SCV  
  117  7:17  SCV  
  117  7:19  Medivac  
  117  7:21  Marine  
  117  7:22  Barracks Tech Lab  
  122  7:25  Marauder  
  122  7:28  SCV  
  125  7:30  Marine  
  125  7:32  Barracks Reactor  
  125  7:33  Widow Mine x2  
  125  7:37  Marine, Medivac  
  129  7:40  Marauder  
  129  7:41  Marauder  
  134  7:48  Marauder  
  130  7:54  Marine  
  130  7:55  Widow Mine  
  130  7:56  Concussive Shells, Widow Mine  
  130  7:57  SCV  
  130  8:00  Medivac  
  130  8:01  Marine, Marauder  
  130  8:02  Marauder  
  130  8:06  SCV  
  130  8:07  SCV  
  130  8:09  Marauder, Viking  
  130  8:11  Supply Depot, Marine x2  
  130  8:12  SCV  
  139  8:15  Marine, Refinery  
  139  8:16  Refinery  
  139  8:18  Widow Mine  
  139  8:19  Marine  
  141  8:26  Ghost Academy  
  141  8:27  Supply Depot  
  141  8:30  Supply Depot  
  141  8:32  SCV x2  
  141  8:33  Marauder x2, Widow Mine  
  149  8:40  Supply Depot  
  149  8:42  Marine  
Show
View Real Time Build Order
Export as new Build Order

Harstem Protoss 

Build Orders: 1 Gate Expand, Blink Stalkers, Colossus Rush 

Get SALT Encoding   

  12  0:00  Probe  
  13  0:12  Probe  
  14  0:17  Pylon  
  14  0:24  Probe  
  15  0:35  Gateway  
  15  0:36  Probe (Chrono Boost)  
  16  0:46  Assimilator, Probe (Chrono Boost)  
  17  0:51  Probe (Chrono Boost)  
  18  1:03  Probe  
  19  1:15  Probe  
  20  1:22  Cybernetics Core  
  20  1:31  Nexus  
  20  1:36  Probe  
  21  1:41  Pylon  
  21  1:48  Probe  
  21  1:50  Assimilator  
  22  1:56  Adept (Chrono Boost)  
  22  2:00  Probe  
  25  2:05  Warp Gate  
  25  2:13  Probe  
  26  2:16  Adept (Chrono Boost)  
  28  2:23  Twilight Council  
  28  2:25  Probe  
  28  2:37  Probe  
  28  2:38  Stalker  
  28  2:44  Probe  
  31  2:49  Probe  
  32  2:56  Probe  
  33  2:59  Blink (Chrono Boost)  
  33  3:01  Probe  
  34  3:08  Probe  
  35  3:13  Probe  
  35  3:19  Gateway  
  36  3:20  Probe  
  36  3:25  Probe  
  38  3:32  Probe  
  39  3:37  Probe  
  39  3:39  Robotics Facility  
  38  3:44  Probe  
  39  3:50  Nexus  
  39  3:52  Probe  
  40  3:56  Stalker  
  40  3:58  Probe  
  40  4:02  Pylon  
  43  4:04  Probe  
  44  4:14  Assimilator  
  44  4:15  Assimilator  
  45  4:17  Probe  
  45  4:20  Stalker  
  45  4:22  Stalker, Probe  
  50  4:26  Observer  
  50  4:30  Probe  
  52  4:35  Probe  
  53  4:42  Probe  
  54  4:49  Pylon  
  54  4:52  Pylon  
  54  4:54  Charge, Robotics Bay  
  54  5:02  Probe (Chrono Boost)  
  54  5:03  Probe (Chrono Boost)  
  54  5:04  Gateway  
  54  5:06  Stalker, Probe (Chrono Boost)  
  59  5:07  Stalker  
  59  5:09  Observer  
  59  5:13  Probe x2 (Chrono Boost)  
  65  5:16  Probe (Chrono Boost)  
  65  5:18  Shield Battery, Probe (Chrono Boost)  
  65  5:19  Probe (Chrono Boost)  
  67  5:26  Probe  
  67  5:28  Probe, Pylon  
  69  5:31  Probe  
  69  5:33  Observer  
  69  5:34  Stalker  
  72  5:37  Pylon  
  72  5:38  Sentry, Probe  
  72  5:42  Observer  
  76  5:45  Colossus (Chrono Boost)  
  76  5:46  Observer  
  76  5:48  Forge  
  81  5:50  Probe  
  81  5:53  Probe x2  
  84  5:58  Sentry  
  84  6:03  Probe  
  84  6:04  Pylon  
  87  6:06  Stalker x2  
  87  6:10  Probe  
  93  6:13  Extended Thermal Lance  
  93  6:15  Probe  
  93  6:16  Probe  
  94  6:18  Pylon  
  94  6:21  Stalker  
  94  6:24  Probe  
  97  6:28  Probe x2  
  97  6:31  Shield Battery  
  97  6:33  Stalker x2  
  97  6:36  Probe  
  82  6:47  Zealot  
  82  6:48  Probe  
  82  6:51  Colossus (Chrono Boost)  
  82  6:53  Gateway  
  89  6:56  Gateway  
  89  6:57  Zealot x2  
  89  6:59  Assimilator  
  93  7:03  Probe  
  93  7:04  Assimilator  
  93  7:08  Sentry  
  96  7:15  Gateway  
  96  7:16  Gateway  
  96  7:17  Gateway  
  96  7:18  Zealot, Sentry  
  96  7:22  Observer  
  100  7:23  Probe  
  100  7:28  Probe  
  102  7:30  Shield Battery  
  102  7:33  Stalker  
  102  7:34  Colossus (Chrono Boost)  
  102  7:35  Probe  
  106  7:37  Pylon  
  102  7:45  Zealot x2  
  102  7:48  Zealot  
  99  7:54  Zealot  
  99  7:57  Zealot  
  97  7:58  Probe  
  97  8:05  Forge  
  98  8:07  Stalker x2  
  98  8:08  Forge  
  102  8:12  Observer  
  102  8:14  Observer  
  102  8:17  Probe  
  109  8:22  Pylon  
  109  8:24  Pylon  
  109  8:27  Nexus  
  109  8:28  Pylon  
  109  8:29  Robotics Facility  
  109  8:30  Pylon  
  109  8:36  Probe  
  109  8:40  Probe x2  
  111  8:42  Stalker x4  
Tags
 
Add a new tag
Caveats
  • Supply blocks, unpowered buildings, or Contaminate may cause inaccurate times.
  • Supply counts are checked every 10 seconds.